AoeStats
← =p | Kabrito Lixerooo

Highland

505669247Analyzed
2v2 RM · 21d ago on Sep 10, 2026· 64m 16s· 4 players
Game mode
Random Map
Map size
Medium (4 player)
Population
200
Speed
Normal
Resources
Standard
Victory
Conquest
Starting age
Dark Age
Ending age
Imperial Age
RankedLock teamsTeams togetherTeam positionsShared explorationLock speedFull tech treeHidden civsTurbo modeCheats
Victory
Defeat
🇮🇹 Ethiopians · Italy
683
+18
🇮🇹 Spanish · Italy
649
+20
🇮🇹 Burgundians · Italy
748
-20
🇧🇷 Huns · Brazil
717
-18
=p | Kabrito Lixerooo
9:54 Feudal Age
12:29 Horse Collar
13:47 Double-Bit Axe
Cuordipallone
13:36 Feudal Age
15:36 Double-Bit Axe
15:32 Horse Collar
21:41 Castle Age
20:48 Heavy Plow
21:00 Bow Saw
22:24 Gold Mining
24:45 Wheelbarrow
24:59 Stone Mining
25:46 Gold Shaft Mining
24:49 Cavalier
26:51 Hand Cart
28:01 Pikeman
29:17 Crop Rotation
29:49 Two-Man Saw
34:50 Scale Barding Armor
35:05 Forging
37:14 Chain Barding Armor
37:22 Husbandry
41:39 Imperial Age
41:54 Paladin
42:01 Halberdier
43:22 Elite Coustillier
45:41 Plate Barding Armor
45:07 Scale Mail Armor
45:43 Iron Casting
48:49 Chemistry
55:07 Chain Mail Armor
55:53 Blast Furnace
Killer of Rogues
0:37 Loom
11:03 Feudal Age
11:26 Horse Collar
11:36 Double-Bit Axe
12:28 Wheelbarrow
17:05 Gold Mining
20:14 Stone Mining
23:31 Castle Age
24:22 Bow Saw
24:30 Hand Cart
24:54 Gold Shaft Mining
24:57 Stone Shaft Mining
25:34 Caravan
25:44 Town Watch
27:44 Town Patrol
28:39 Fishing Lines
31:44 Heavy Plow
33:15 Gillnets
35:28 Thumb Ring
35:27 Squires
35:13 Arson
35:30 Husbandry
34:52 Light Cavalry
39:16 Imperial Age
42:07 Two-Man Saw
41:27 Medium Warships
43:03 Heavy Warships
49:20 Chemistry
48:41 Ballistics
48:17 Murder Holes
47:47 Elite Shotel Warrior
48:49 Conscription
48:31 Royal Heirs
58:24 Forging
58:15 Scale Mail Armor
Gasdominatore
2:10 Loom
3:58 Loom
11:53 Feudal Age
13:09 Double-Bit Axe
13:33 Town Watch
14:25 Wheelbarrow
20:39 Castle Age
19:18 Horse Collar
20:58 Gold Mining
23:13 Town Patrol
23:09 Stone Mining
23:03 Fishing Lines
24:23 Caravan
24:58 Bow Saw
25:59 Hand Cart
29:33 Stone Shaft Mining
30:25 Herbal Medicine
35:26 Imperial Age
33:17 Husbandry
34:48 Ballistics
34:39 Masonry
34:25 Murder Holes
34:41 Fortified Wall
34:50 Heavy Plow
35:46 Scale Barding Armor
35:42 Padded Archer Armor
35:43 Scale Mail Armor
37:40 Chemistry
37:09 Guilds
38:18 Two-Man Saw
37:57 Chain Barding Armor
37:53 Leather Archer Armor
38:15 Conscription
39:34 Hoardings
40:28 Sappers
42:56 Chain Mail Armor
43:44 Fletching
44:56 Herbal Medicine
45:41 Supremacy
45:14 Elite Conquistador
49:25 Architecture
49:15 Bombard Tower
48:41 Arrowslits
48:47 Guard Tower
48:44 Arrowslits
49:38 Plate Barding Armor
49:14 Forging
53:32 Bloodlines
52:43 Light Cavalry
55:21 Iron Casting
54:41 Bodkin Arrow
55:32 Plate Mail Armor
55:32 Ring Archer Armor
54:58 Bodkin Arrow
54:44 Hussar
62:51 Bracer
63:51 Blast Furnace
64:00 Blast Furnace
Connection lost

Rejoining the realm…

Still unreachable

The connection could not be restored.

Session expired

The server has moved on; the page needs a fresh start.